Map: Lost and Found LE

Players

Jieshi

  • Race: Protoss Protoss
  • Spawn Location: 1:00

Clem - Winner!

  • Race: Terran Terran
  • Spawn Location: 7:00

Event: WCS Austin 2018

VOD

Have the link to the VOD?

Description

Time

  • Played on: June 1, 2018, 9:29 p.m.
  • Length: 11:18

All games in this series

Show
View Real Time Build Order
Export as new Build Order

Jieshi Protoss 

Build Orders: 1 Gate Expand, Double Forge, Blink Stalkers 

Get SALT Encoding   

  12  0:00  Probe  
  13  0:12  Probe  
  14  0:17  Pylon  
  14  0:23  Probe  
  15  0:31  Probe  
  16  0:36  Gateway  
  16  0:39  Probe  
  16  0:47  Assimilator  
  17  0:51  Probe  
  18  1:03  Probe  
  19  1:15  Probe  
  20  1:22  Nexus  
  20  1:31  Cybernetics Core  
  20  1:34  Probe  
  21  1:41  Assimilator  
  21  1:47  Probe  
  22  1:49  Pylon  
  22  1:59  Adept, Probe  
  25  2:08  Warp Gate  
  25  2:11  Probe  
  26  2:20  Twilight Council  
  26  2:21  Stalker  
  26  2:23  Probe  
  26  2:28  Blink  
  29  2:34  Probe  
  29  2:35  Probe  
  30  2:46  Probe  
  30  2:47  Probe  
  32  2:59  Probe x2  
  34  3:11  Gateway  
  34  3:12  Probe  
  35  3:13  Probe  
  35  3:14  Gateway  
  35  3:19  Stalker  
  38  3:25  Probe  
  38  3:27  Probe  
  38  3:33  Pylon  
  39  3:37  Probe  
  39  3:39  Probe  
  41  3:45  Robotics Facility  
  41  3:49  Probe  
  41  3:51  Probe  
  43  4:01  Probe  
  44  4:03  Probe  
  44  4:04  Pylon  
  45  4:12  Stalker x3  
  45  4:16  Probe x2  
  53  4:18  Assimilator  
  53  4:19  Pylon  
  53  4:26  Observer  
  53  4:27  Charge  
  53  4:30  Nexus  
  54  4:39  Forge  
  54  4:42  Probe  
  55  4:48  Observer  
  55  4:49  Probe  
  55  4:51  Forge  
  57  4:55  Probe  
  57  4:59  Immortal  
  59  5:07  Sentry, Shield Battery  
  59  5:09  Zealot  
  59  5:12  Zealot  
  68  5:19  Protoss Ground Armor Level 1  
  68  5:29  Gateway  
  68  5:30  Stalker, Gateway  
  68  5:34  Gateway, Pylon  
  70  5:38  Pylon  
  70  5:40  Protoss Ground Weapons Level 1  
  70  5:44  Zealot, Sentry  
  70  5:45  Probe x2  
  70  5:47  Probe  
  77  5:57  Zealot  
  77  6:00  Shield Battery  
  79  6:06  Zealot  
  81  6:14  Zealot  
  83  6:21  Sentry, Gateway  
  83  6:22  Gateway  
  83  6:25  Zealot x2  
  89  6:26  Observer  
  89  6:28  Probe  
  89  6:29  Probe x2  
  89  6:30  Pylon  
  89  6:31  Zealot  
  92  6:43  Probe  
  92  6:46  Zealot x3  
  89  6:48  Probe  
  89  6:49  Probe  
  89  6:53  Zealot x2  
  95  6:55  Probe  
  95  7:00  Pylon  
  96  7:01  Warp Prism  
  96  7:05  Probe x2  
  96  7:07  Probe  
  101  7:09  Pylon  
  101  7:10  Zealot  
  101  7:11  Zealot  
  101  7:14  Zealot  
  107  7:18  Zealot, Protoss Ground Armor Level 2  
  107  7:19  Zealot, Protoss Ground Weapons Level 2  
  107  7:21  Zealot  
  101  7:25  Zealot  
  101  7:26  Zealot  
  91  7:31  Zealot x2  
  91  7:33  Probe  
  93  7:41  Probe  
  93  7:42  Observer  
  94  7:45  Templar Archives  
  94  7:51  Zealot x3  
  100  8:05  Pylon, Photon Cannon  
  100  8:07  Shield Battery  
  100  8:08  Photon Cannon  
  100  8:10  Zealot x3  
  104  8:13  Zealot  
  104  8:14  Pylon  
  104  8:15  Zealot  
  101  8:22  Zealot x3  
  99  8:27  Pylon  
  99  8:30  Pylon  
  99  8:31  Probe x3  
  91  8:38  Photon Cannon  
  91  8:39  Probe x2  
  91  8:43  Zealot  
  91  8:44  Zealot x2  
  99  8:51  Stalker x2, High Templar  
  99  8:52  Stalker  
  107  8:55  Stalker  
  109  9:08  Zealot x3  
  115  9:15  Zealot  
  115  9:16  Zealot x2  
  111  9:24  Zealot  
  111  9:25  Zealot  
  111  9:30  Stalker, High Templar x2  
  109  9:36  Sentry  
  109  9:37  Zealot x2  
  107  9:44  Zealot  
  105  9:51  Pylon  
  105  9:52  Pylon  
  109  9:54  High Templar x2  
  109  9:55  Archon  
  109  9:59  Archon  
  113  10:01  High Templar  
  113  10:02  Zealot  
  117  10:09  Zealot  
  117  10:10  Zealot x2  
  117  10:11  Zealot  
  109  10:22  Zealot  
  103  10:30  Zealot  
  103  10:31  Zealot x3  
  101  10:37  Zealot  
  93  10:45  Zealot  
  85  10:51  Zealot x4  
  79  10:57  Zealot  
  79  11:04  Robotics Facility  
  75  11:06  Gateway  
  75  11:07  Zealot, Gateway  
  75  11:10  Gateway  
  62  11:14  Stalker  
  62  11:15  Zealot x2  
Show
View Real Time Build Order
Export as new Build Order

Clem Terran - Winner!

Build Orders: Reaper Expand, MMM Bio 

Get SALT Encoding   

  12  0:00  SCV  
  13  0:12  SCV  
  14  0:16  Supply Depot  
  14  0:24  SCV  
  15  0:38  Barracks, SCV  
  16  0:42  Refinery  
  16  0:50  SCV  
  17  1:02  SCV  
  18  1:14  SCV  
  19  1:26  Orbital Command, Reaper  
  20  1:40  Command Center  
  20  1:49  Barracks  
  20  1:53  SCV  
  21  1:59  Barracks Reactor  
  21  2:05  SCV  
  21  2:07  Supply Depot  
  22  2:15  Barracks  
  22  2:19  SCV  
  23  2:31  SCV  
  23  2:36  Marine x2, Barracks Tech Lab  
  26  2:43  SCV  
  27  2:46  Engineering Bay  
  27  2:54  Marine x2  
  27  2:55  SCV  
  27  2:56  Stimpack, Marine  
  31  3:07  Orbital Command  
  31  3:08  Marine  
  31  3:11  SCV  
  33  3:15  Marine x2  
  35  3:23  SCV  
  36  3:28  Terran Infantry Weapons Level 1, Barracks Tech Lab  
  36  3:30  Marine  
  36  3:33  Marine, SCV  
  39  3:35  SCV  
  39  3:38  Marine  
  39  3:40  Supply Depot  
  41  3:45  SCV  
  41  3:47  SCV  
  43  3:49  Marine x2  
  43  3:51  Combat Shields  
  43  3:53  Marine  
  46  3:58  Supply Depot, SCV  
  46  4:01  SCV  
  46  4:02  Missile Turret  
  47  4:07  Marine  
  48  4:10  SCV  
  48  4:11  Marine  
  48  4:12  Marauder  
  48  4:13  Marauder  
  48  4:15  Refinery  
  54  4:18  Refinery  
  54  4:19  SCV  
  54  4:22  Supply Depot  
  54  4:23  SCV  
  56  4:25  Marine  
  56  4:28  Marine  
  58  4:31  SCV  
  58  4:35  SCV  
  58  4:36  Marine x2  
  62  4:42  Supply Depot  
  62  4:44  SCV, Factory  
  63  4:47  Marine x2, SCV  
  65  4:54  Marauder x2  
  65  4:56  SCV  
  65  4:59  Supply Depot, SCV  
  70  5:04  Marine  
  70  5:06  Marine  
  72  5:08  Refinery, SCV  
  72  5:11  SCV  
  74  5:16  Marauder  
  74  5:20  SCV  
  76  5:22  Marine  
  78  5:29  Supply Depot  
  78  5:30  Starport, Factory Reactor  
  78  5:34  Marauder  
  80  5:37  Marauder  
  80  5:42  Marine x2  
  83  5:45  Command Center  
  83  5:50  SCV x2  
  83  5:53  Supply Depot, Terran Infantry Armor Level 1  
  84  5:59  Marauder x2  
  84  6:02  Marine x2  
  84  6:04  SCV  
  90  6:12  Factory Reactor  
  90  6:13  Medivac x2  
  94  6:20  Marauder  
  94  6:22  Barracks x2, Marine  
  94  6:23  Marine  
  94  6:25  SCV  
  99  6:28  Supply Depot  
  99  6:34  SCV  
  99  6:37  SCV  
  101  6:40  Marine x2  
  101  6:43  Marauder  
  101  6:47  Medivac, SCV  
  102  6:49  SCV  
  102  6:50  Medivac  
  102  6:52  Widow Mine  
  111  6:54  Widow Mine  
  111  6:58  Marine x2  
  111  6:59  Orbital Command  
  113  7:08  Marauder x2  
  117  7:11  Concussive Shells, Barracks Reactor, Barracks Tech Lab  
  117  7:12  Supply Depot  
  117  7:13  SCV  
  120  7:15  Widow Mine  
  120  7:20  Marine, Widow Mine, Medivac  
  116  7:23  SCV  
  116  7:29  Medivac  
  108  7:32  Marine  
  108  7:33  Marauder x3  
  112  7:37  Widow Mine  
  112  7:40  Marine  
  112  7:44  Armory, SCV  
  114  7:45  Engineering Bay  
  114  7:48  Widow Mine  
  114  7:50  Marine  
  117  7:53  Marine  
  117  7:54  Marauder  
  117  7:57  Marine  
  117  7:58  Marauder x2, Widow Mine  
  127  8:02  Supply Depot  
  127  8:03  SCV x3  
  130  8:09  Widow Mine, Marine x2  
  130  8:10  Medivac  
  130  8:12  Medivac  
  137  8:15  SCV x2  
  139  8:20  Widow Mine  
  133  8:34  Marine x2  
  133  8:35  Marine x2  
  133  8:36  Widow Mine  
  133  8:37  Marauder x3  
  133  8:40  Refinery, Medivac  
  145  8:41  SCV  
  145  8:42  Refinery, SCV  
  145  8:44  SCV  
  148  8:48  Command Center  
  148  8:54  SCV  
  149  8:58  Supply Depot  
  149  8:59  Supply Depot  
  149  9:00  Widow Mine, Marine x4  
  149  9:01  Supply Depot  
  149  9:02  Medivac  
  153  9:03  Marauder  
  149  9:10  Widow Mine  
  149  9:11  Marauder x2  
  149  9:16  Medivac  
  155  9:19  SCV  
  155  9:21  SCV  
  155  9:22  Widow Mine  
  155  9:23  Marine x3  
  163  9:24  Marauder  
  155  9:31  Widow Mine  
  155  9:32  Marauder, Medivac  
  155  9:35  Marine  
  155  9:36  Marauder, SCV  
  159  9:39  SCV  
  159  9:40  SCV  
  159  9:41  Marine x2  
  159  9:43  Widow Mine  
  161  9:45  Marauder  
  161  9:49  Marine  
  161  9:50  Medivac  
  166  9:52  Marine  
  166  9:53  Widow Mine  
  166  9:54  Marauder  
  166  9:57  Marauder  
  166  9:59  Marine x2  
  173  10:02  Barracks  
  173  10:03  Barracks  
  173  10:04  Widow Mine  
  173  10:10  Marine  
  171  10:17  Marine  
  171  10:20  Marine x2  
  172  10:21  Marauder x2  
  172  10:23  Widow Mine  
  172  10:24  Planetary Fortress  
  172  10:26  Widow Mine  
  172  10:28  Marauder  
  174  10:33  Medivac  
  175  10:39  Marine x4  
  164  10:43  Marauder x2  
  164  10:44  Widow Mine, SCV  
  164  10:45  SCV  
  164  10:47  Widow Mine  
  164  10:49  Marine  
  169  10:50  Marine  
  169  10:53  SCV  
  165  11:14  Barracks Tech Lab x2  
Tags
 
Add a new tag
Caveats
  • Supply blocks, unpowered buildings, or Contaminate may cause inaccurate times.
  • Supply counts are checked every 10 seconds.